[Event "*** Titled Tuesday Blitz"]
[Site "Chess.com"]
[Date "2020.12.29"]
[Round "11"]
[White "PawnEatingZombie"]
[Black "Th3ChessViking"]
[Result "0-1"]
[WhiteElo "2236"]
[BlackElo "2443"]
[TimeControl "180+1"]
[EndTime "12:06:02 PST"]
[Termination "Th3ChessViking won on time"]

1. d4 Nf6 2. c4 c5 3. d5 e5 4. Nc3 d6 5. g3 Nbd7 6. Bg2 Be7 7. e4 O-O 8. Nge2 a6 9. Qd3 Rb8 10. a4 Ne8 11. O-O Nc7 12. f4 exf4 13. gxf4 Bf6 14. Be3 g6 15. Ng3 Bg7 16. Rae1 Nf6 17. Bd2 Ng4 18. Re2 Qh4 19. h3 Bd4+ 20. Kh1 b5 21. axb5 axb5 22. Nxb5 Nxb5 23. cxb5 Bd7 24. Bc3 Bxb5 25. Qf3 Bxe2 26. Nxe2 Ne3 27. Bxd4 cxd4 28. Rb1 Nxg2 29. Qxg2 Rb3 30. Kh2 Rfb8 31. Nxd4 Qxf4+ 32. Kh1 Rg3 33. Ne2 Rxg2 34. Nxf4 Rgxb2 35. Rc1 Rb1 36. Rxb1 Rxb1+ 37. Kg2 Rb3 38. Ne2 Re3 39. Ng3 h5 40. Kf2 Rd3 41. h4 Kg7 42. Ne2 Rh3 43. Nf4 Rxh4 44. Kg3 Rh1 0-1

[Event "*** Titled Tuesday Blitz"]
[Site "Chess.com"]
[Date "2020.12.29"]
[Round "11"]
[White "Ave_Mariia"]
[Black "Vusatiuk_Vladimir"]
[Result "1-0"]
[WhiteElo "2473"]
[BlackElo "2303"]
[TimeControl "180+1"]
[EndTime "12:06:05 PST"]
[Termination "Ave_Mariia won by checkmate"]

1. d4 Nf6 2. c4 e6 3. g3 c5 4. d5 exd5 5. cxd5 d6 6. Nc3 g6 7.
Nf3 Bg7 8. Bg2 O-O 9. O-O Nbd7 10. Bf4 Qe7 11. Rb1 Nh5 12. Bg5 f6 13. Bd2 f5 14. b4 cxb4 15. Rxb4 Nc5 16. Qc2 Nf6 17. Bg5 h6 18. Be3 Nfe4 19. Nd4 g5 20. Nxe4 Nxe4 21. Nxf5 Bxf5 22. Bxe4 a5 23. Rc4 b5 24. Bxf5 bxc4 25.
Be6+ Kh8 26. Qxc4 Rfb8 27. Qc6 Rd8 28. Rc1 Rab8 29. Qa6 Ra8 30. Qd3 Rab8 31. Rc6 Rb2 32. Bb6 Rb8 33. Rc7 Qf6 34. Rxg7 Qxg7 35. Bd4 Rb1+ 36. Kg2 R1b7 37. Bxg7+ Kxg7 38. Qf5 Rf8 39. Qd3 Rb4 40. Qc3+ Kg6 41. Qc7 Rf6 42. Qxd6 Ra4 43. Qd7 Rxa2 44. Qe8+ Kg7 45. Qg8# 1-0

[Event "*** Titled Tuesday Blitz"]
[Site "Chess.com"]
[Date "2020.12.29"]
[Round "11"]
[White "Chuchofrio1"]
[Black "FishThatRoared"]
[Result "0-1"]
[WhiteElo "2240"]
[BlackElo "2122"]
[TimeControl "180+1"]
[EndTime "12:06:06 PST"]
[Termination "FishThatRoared won on time"]

1. d4 b6 2. c4 Bb7 3. Nc3 e6 4. e4 Bb4 5. Bd3 f5 6. Qe2 Nf6 7. e5 Bxg2 8. exf6 Qxf6 9. Nf3 Bxh1 10. Be3 Nc6 11. O-O-O Bxf3 12. Qxf3 Bxc3 13. bxc3 O-O-O 14. c5 Kb8 15. Qe2 bxc5 16. Ba6 Ka8 17. Bf4 cxd4 18. Bxc7 dxc3 19. Qc4 e5 20. Rd6 Qg5+ 21. Kc2 Rb8 22. Bxb8 Rxb8 23. Bb5 Rxb5 24. Qxb5 Nd4+ 25. Rxd4 exd4 26.
Qd5+ Kb8 27. Qe5+ Kc8 28. Qe8+ Kc7 29. Qe5+ d6 30. Qe8 Qd2+ 31. Kb3 Qb2+ 32. Kc4 Qxa2+ 33. Kxd4 Qd2+ 34. Kc4 d5+ 35. Kc5 Qxf2+ 36. Kxd5 Qd2+ 37. Kc5 Qf2+ 38. Kc4 Qf4+ 39. Kc5 Qd6+ 40. Kb5 Qd7+ 41. Qxd7+ Kxd7 42. Kc4 c2 43. Kc3 c1=Q+ 0-1

[Event "*** Titled Tuesday Blitz"]
[Site "Chess.com"]
[Date "2020.12.29"]
[Round "11"]
[White "AlphaZ3r0"]
[Black "FMOlexandrProhorov"]
[Result "1/2-1/2"]
[WhiteElo "2327"]
[BlackElo "2160"]
[TimeControl "180+1"]
[EndTime "12:06:06 PST"]
[Termination "Game drawn by repetition"]

1. Nf3 Nf6 2. c4 g6 3. g3 Bg7 4.
Bg2 O-O 5. O-O d6 6. Nc3 c5 7. d4 cxd4 8. Nxd4 Qc7 9. b3 Nc6 10. Bb2 Bd7 11. Rc1 Rac8 12. Nd5 Qd8 13. Nxc6 Bxc6 14.
Nxf6+ Bxf6 15. Bxf6 exf6 16. Qd4 Re8 17. e3 Qa5 18.
Rc2 Bxg2 19. Kxg2 f5 20. Rd1 h5 21. h4 a6 22. Rcd2 Rcd8 23. Qf6 Re6 24. Qb2 Qb6 25. Rd5 Qc6 26. Rd2 b5 27. cxb5 axb5 28. Qc2 Qb7 29. Qd3 Rc8 30. Qxb5 Qe7 31. a4 f4 32. exf4 Re1 33.
Rxd6 Qe4+ 34. f3 Qe3 35. Qb6 Rg1+ 36. Kh2 Qxb6 37. Rxb6 Rcc1 38. Rb8+ Kg7 39. g4 hxg4 40. fxg4 Rh1+ 41. Kg3 Rcf1 42. Rd3 Rhg1+ 43. Kh2 Rh1+ 44. Kg2 Rhg1+ 45. Kh3 Rh1+ 46. Kg3 Rhg1+ 47. Kh2 Rh1+ 48. Kg2 Rhg1+ 49. Kh3 Rh1+ 50. Kg2 1/2-1/2

[Event "*** Titled Tuesday Blitz"]
[Site "Chess.com"]
[Date "2020.12.29"]
[Round "11"]
[White "DinaBelenkaya"]
[Black "akhairat"]
[Result "0-1"]
[WhiteElo "2363"]
[BlackElo "2413"]
[TimeControl "180+1"]
[EndTime "12:06:06 PST"]
[Termination "akhairat won on time"]

1. e4 e5 2. Nf3 Nc6 3. d4 exd4 4.
Nxd4 Bc5 5. Nb3 Bb6 6. Nc3 Nf6 7. a4 a5 8. Bg5 h6 9. Bh4 g5 10. Bg3 d6 11. Qe2 Be6 12. O-O-O Bxb3 13. cxb3 Qe7 14. Nd5 Nxd5 15. Rxd5 Nb4 16. Rf5 O-O-O 17. Qf3 Rhe8 18.
Rxf7 Qxe4 19. Qxe4 Rxe4 20. f3 Re3 21. Bf2 Rxb3 22.
Bxb6 cxb6 23. Be2 Kb8 24. Kb1 Re8 25. Bb5 Re5 26. Rc1 Rbe3 27. Rf8+ Ka7 28. Rcc8 Re1+ 29. Rc1 Rxc1+ 30. Kxc1 Rc5+ 31. Kd1 Rc2 32. Rf6 Rxb2 33. Rxh6 Rxg2 34. Rh5 d5 35. h4 gxh4 36. Rxh4 Rf2 37.
Rf4 Nc6 38. Ke1 Rb2 39. Rf7 Nd4 40. Bd7 Re2+ 41. Kf1 Rc2 42. f4 Rc7 43. f5 Nxf5 44. Rxf5 Rxd7 45. Ke2 b5 46. axb5 Kb6 47. Kd3 Kxb5 48.
Kd4 a4 49. Rf1 a3 50. Rb1+ Ka4 0-1

[Event "*** Titled Tuesday Blitz"]
[Site "Chess.com"]
[Date "2020.12.29"]
[Round "11"]
[White "Titus369"]
[Black "Ladislav1969"]
[Result "1-0"]
[WhiteElo "2547"]
[BlackElo "2408"]
[TimeControl "180+1"]
[EndTime "12:06:07 PST"]
[Termination "Titus369 won on time"]

1. e4 c5 2. Nf3 e6 3. d4 cxd4 4. Nxd4 a6 5. Nc3 b5 6. g3 Bb7 7. Bg2 Nf6 8. a3 Qc7 9. O-O Nc6 10. Be3 Ne5 11. Bf4 d6 12. Qe2 Be7 13. Rfd1 O-O 14. h3 Nc4 15. Bc1 Rfc8 16. g4 Nxa3 17. Rxa3 b4 18. Rb3 bxc3 19. Rxc3 Qb6 20. Rb3 Qc7 21.
Rxb7 Qxb7 22. e5 Nd5 23. exd6 Bf6 24. Nxe6 Rxc2 25. Qxc2 fxe6 26. Qe4 Qf7 27. Qxe6 Qxe6 28. Bxd5 Qxd5 29. Rxd5 Kf7 30. d7 Ke6 31. Rd3 Rd8 32. g5 Be7 33. f4 Bc5+ 34. Kg2 Rxd7 35. f5+ Ke7 36. Rxd7+ Kxd7 37. Kf3 Kd6 38. Ke4 Bf2 39. Bf4+ Ke7 40. Be5 g6 41. f6+ Ke6 42. Bf4 Bc5 43. Be3 Bf8 44. Bd2 Bd6 45. b4 Bf8 46. Bc3 h6 47. h4 hxg5 48. hxg5 Bd6 49. Bd2 Bg3 50. Kd4 Bf2+ 51. Be3 Be1 52. Kc5 Kf7 53. Bf4 Ke6 54. Bd6 1-0

[Event "*** Titled Tuesday Blitz"]
[Site "Chess.com"]
[Date "2020.12.29"]
[Round "11"]
[White "Walter_White_Poland"]
[Black "Chessmatus"]
[Result "0-1"]
[WhiteElo "2340"]
[BlackElo "2468"]
[TimeControl "180+1"]
[EndTime "12:06:08 PST"]
[Termination "Chessmatus won by resignation"]

1. e4 c5 2. Nf3 d6 3. d4 cxd4 4. Nxd4 Nf6 5. Nc3 a6 6. Bg5 Nbd7 7. f4 Qc7 8. f5 h6 9. Bh4 b6 10. Qe2 Bb7 11. O-O-O Ne5 12. Bxf6 gxf6 13. Nf3 h5 14. Nxe5 Bh6+ 15. Kb1 fxe5 16. Qxh5 Rc8 17. Bd3 b5 18. f6 exf6 19. Rhf1 Bg7 20. Qg4 Kf8 21. Rf3 Rh6 22.
Rg3 Rg6 23. Qf3 Rd8 24. Rxg6 fxg6 25. Qg4 Kf7 26. Rf1 Bc8 27. Qg3 Be6 28. Nd5 Bxd5 29. exd5 f5 30. Bxf5 gxf5 31. Rxf5+ Kg8 32. Qg6 Qe7 33. h4 Rf8 34. h5 Rxf5 35. Qxf5 Qf6 36. Qc8+ Kh7 37. a3 e4 38. c3 e3 39. Qg4 Qf1+ 40.
Kc2 Qf2+ 41. Kb3 Qf7 42. Qe4+ Kh8 43. Qxe3 Qxd5+ 44. Kc2 Qxg2+ 45. Kb1 Qf1+ 46. Ka2 Qc4+ 47. Ka1 Qf7 48. Qe2 Be5 49. Qg4 Kh7 50. a4 Kh6 51.
axb5 axb5 52. Kb1 Qxh5 53. Qe6+ Qg6+ 54. Qxg6+ Kxg6 55. Kc2 d5 56. Kd3 Kf6 57. b3 Ke6 58. c4 bxc4+ 59. bxc4 d4 60. c5 Kd5 61. c6 Kxc6 0-1

[Event "*** Titled Tuesday Blitz"]
[Site "Chess.com"]
[Date "2020.12.29"]
[Round "11"]
[White "Anton_Zhukov04"]
[Black "ShahMatKanal"]
[Result "1/2-1/2"]
[WhiteElo "2256"]
[BlackElo "2432"]
[TimeControl "180+1"]
[EndTime "12:06:08 PST"]
[Termination "Game drawn - insufficient material"]

1. e4 d5 2. exd5 Qxd5 3. Nc3 Qd6 4. d4 Nf6 5. Nf3 c6 6. Bd3 Bg4 7. h3 Bxf3 8. Qxf3 e6 9. Ne2 Qc7 10. O-O Nbd7 11. c4 Bd6 12. b3 O-O 13. Bb2 e5 14.
Rfe1 exd4 15. Nxd4 Ne5 16. Qd1 Nxd3 17. Qxd3 Rfd8 18.
Qc2 Be5 19. Rxe5 Qxe5 20. Nxc6 Qe4 21. Qxe4 Nxe4 22. Nxd8 Rxd8 23. Re1 Nc5 24. Bd4 Ne6 25. Bxa7 Ra8 26. Bb6 Rxa2 27. b4 Rb2 28. Ba5 Kf8 29. Rd1 Ke7 30. Rd5 b6 31. Bxb6 Rb1+ 32. Kh2 Rxb4 33.
Bc5+ Nxc5 34. Rxc5 Kd6 35. Rd5+ Kc6 36. Rf5 f6 37. Rf4 Kc5 38. Rg4 g6 39. Rh4 h5 40.
Rf4 f5 41. g4 hxg4 42. hxg4 Rxc4 43. Rxc4+ Kxc4 44. gxf5 gxf5 45. Kg3 Kd3 46. Kh4 Ke4 47. Kg5 Kf3 48. Kxf5 Kxf2 1/2-1/2

[Event "*** Titled Tuesday Blitz"]
[Site "Chess.com"]
[Date "2020.12.29"]
[Round "11"]
[White "Pelopidass"]
[Black "Witik"]
[Result "1-0"]
[WhiteElo "2569"]
[BlackElo "2697"]
[TimeControl "180+1"]
[EndTime "12:06:09 PST"]
[Termination "Pelopidass won by resignation"]

1. e4 c6 2. d4 d5 3. Nc3 dxe4 4. Nxe4 Nf6 5. Nxf6+ exf6 6. Nf3 Bd6 7. Bd3 O-O 8. O-O Re8 9. h3 Nd7 10. c3 Nf8 11. Re1 Be6 12. a4 Ng6 13. a5 Qd7 14.
Bf1 Rad8 15. a6 b5 16. Be3 Bb8 17. Qc2 Bd5 18. Nd2 h5 19. Bd3 Nh4 20. f3 Qc7 21.
Nf1 Bxf3 22. Qf2 Nxg2 23. Qxf3 Nxe1 24. Rxe1 Rd5 25. Re2 g6 26. Rg2 Kg7 27. Bf2 Qf4 28. Qxf4 Bxf4 29. Ng3 Kf8 30. Ne4 Ke7 31. Nc5 f5 32.
Bh4+ Kd6 33. Bf6 Re3 34. b4 Bg3 35. Re2 Rxe2 36. Bxe2 h4 37. Bf3 Rxc5 38. bxc5+ Kd7 39. d5 cxd5 40. Bxd5 Bf4 41. Kf2 Bg3+ 42. Kf3 Bh2 43. Bd4 Kc7 44. Bxf7 g5 45. Be6 1-0

[Event "*** Titled Tuesday Blitz"]
[Site "Chess.com"]
[Date "2020.12.29"]
[Round "11"]
[White "SaraciNderim"]
[Black "Harry_Rakkel"]
[Result "0-1"]
[WhiteElo "2811"]
[BlackElo "2659"]
[TimeControl "180+1"]
[EndTime "12:06:10 PST"]
[Termination "Harry_Rakkel won by resignation"]

1. d4 Nf6 2. Nf3 e6 3. g3 d5 4. Bg2 b5 5. O-O Nbd7 6. a4 b4 7.
c4 c6 8. Nbd2 a5 9. b3 Be7 10.
Bb2 O-O 11. Rc1 Ba6 12. Re1 Rc8 13. e4 Qb6 14. exd5 cxd5 15. c5 Qb7 16. Bf1 Nb8 17. Ne5 Bxf1 18. Kxf1 Nfd7 19. Ndf3 Nxe5 20. Nxe5 Nc6 21.
Nf3 Bf6 22. Qe2 g6 23. Rcd1 Bg7 24. Bc1 Rfe8 25. Bf4 f6 26. Bd6 Qd7 27. Kg2 Bf8 28.
Bf4 g5 29. Be3 h6 30. h3 Bg7 31. Qd3 Rf8 32. Nh2 f5 33. f4 Bf6 34. Nf3 Qg7 35.
Qd2 g4 36. hxg4 Qxg4 37. Rh1 h5 38. Kf2 Rc7 39. Ng5 Bxg5 40. fxg5 f4 41. gxf4 Rcf7 42. Rdg1 Rxf4+ 43. Ke1 Qf3 44. Rf1 Qe4 45. Rfg1 Rf3 46. Ke2 Rxe3+ 47. Qxe3 Nxd4+ 48. Kd2 Qc2+ 49. Ke1 Nf3+ 50.
Qxf3 Rxf3 0-1

[Event "*** Titled Tuesday Blitz"]
[Site "Chess.com"]
[Date "2020.12.29"]
[Round "11"]
[White "alexrustemov"]
[Black "Ural_bogatyr"]
[Result "1-0"]
[WhiteElo "2686"]
[BlackElo "2498"]
[TimeControl "180+1"]
[EndTime "12:06:10 PST"]
[Termination "alexrustemov won on time"]

1. d4 Nf6 2. c4 e5 3. dxe5 Ng4 4. e3 Nxe5 5. Nh3 d5 6. cxd5 Bxh3 7. gxh3 Qh4 8. Bg2 Qc4 9. Nd2 Bb4 10. Qe2 Nd3+ 11. Kf1 Qa6 12. Nb3 Nd7 13. Be4 N7e5 14. f4 f5 15. Bxf5 O-O 16. Be4 Qh6 17. Rg1 Nc5 18.
Nxc5 Bxc5 19. Rg3 Ng6 20. Bxg6 hxg6 21. Kg2 Rae8 22. Bd2 Rxf4 23. Qd3 Rf6 24. Rf1 Ref8 25. Rxf6 Rxf6 26. Qe4 Bd6 27. Rf3 Qg5+ 28. Kf2 Bxh2 29.
Rxf6 Qxf6+ 30. Kg2 Be5 31. b3 Qg5+ 32. Kf1 Qg3 33.
Qg2 Qh4 34. Qg4 Qf6+ 35. Ke2 Bd6 36. Qe6+ Qxe6 37. dxe6 Kf8 38. Bc3 Ke7 39. Bxg7 Kxe6 40. Kf3 Be5 41. Bh6 Kf5 42. e4+ Ke6 43. Be3 b6 44. Kg4 1-0

[Event "*** Titled Tuesday Blitz"]
[Site "Chess.com"]
[Date "2020.12.29"]
[Round "11"]
[White "ExcitingTrap"]
[Black "esskeettit"]
[Result "1-0"]
[WhiteElo "2385"]
[BlackElo "2461"]
[TimeControl "180+1"]
[EndTime "12:06:10 PST"]
[Termination "ExcitingTrap won by resignation"]

1. e4 c5 2. Nf3 Nc6 3. d4 cxd4 4. Nxd4 g6 5. c4 Nf6 6. Nc3 d6 7. Be2 Nxd4 8. Qxd4 Bg7 9. Qd1 O-O 10. O-O a5 11.
Be3 a4 12. a3 Be6 13. f3 Nd7 14. Nxa4 Qc7 15. Rc1 Qc6 16. Nc3 Rfe8 17. Qd2 Ne5 18. Nd5 Rab8 19. c5 dxc5 20. Bxc5 Qd7 21. Rfd1 Bxd5 22. Qxd5 Qa4 23. Be3 e6 24. Qb5 Qxb5 25. Bxb5 Red8 26. Bb6 Rxd1+ 27. Rxd1 Bf6 28. b4 Rc8 29. a4 Rc2 30. h3 Rb2 31. f4 Nc6 32. e5 Be7 33. Rd7 Bxb4 34. Rxb7 Rb1+ 35. Kh2 Ne7 36. a5 Nd5 37. a6 Nxb6 38. Rxb6 Bc5 39. Rb7 Kg7 40. Bc4 Ra1 41. Bxe6 Rxa6 42. Rxf7+ Kh6 43.
Bc4 Ra2 44. Bxa2 1-0

[Event "*** Titled Tuesday Blitz"]
[Site "Chess.com"]
[Date "2020.12.29"]
[Round "11"]
[White "Leo_C"]
[Black "alexgo05"]
[Result "1/2-1/2"]
[WhiteElo "2389"]
[BlackElo "2487"]
[TimeControl "180+1"]
[EndTime "12:06:11 PST"]
[Termination "Game drawn by repetition"]

1. d4 e6 2. c4 f5 3. Nc3 Nf6 4. e3 d5 5. Bd3 c6 6. Nge2 Bd6 7. O-O O-O 8. f3 Nbd7 9. Bd2 Qe8 10. Qc2 Qh5 11.
Nf4 Qh6 12. cxd5 Nxd5 13. Ncxd5 cxd5 14. g3 Nb6 15. e4 g5 16. Ng2 f4 17. e5 Be7 18. gxf4 gxf4 19. Kh1 Kh8 20. Qc7 Bd7 21. Ba5 Rad8 22. Qxb7 Rg8 23. Qxa7 Rg5 24. Bxb6 Rdg8 25. Nxf4 Rg3 26. Qxd7 Bg5 27. Qxe6 Qh4 28. Qf5 Bxf4 29. Qxh7+ Qxh7 30. Bxh7 Rh3 31. Bxg8 Rxh2+ 32. Kg1 Rxb2 33.
Bxd5 Rxb6 34. Rf2 Be3 35. Kf1 Bxd4 36. Rd2 Bxa1 37. Be4 Bxe5 38. Ke2 Kg7 39. a4 Kf6 40. a5 Ra6 41. Rd5 Bc3 42. Rb5 Rxa5 43. Rxa5 Bxa5 44.
Kd3 Bc7 45. Ke2 Be5 46. Kd3 Bd6 47. Ke2 Be5 48. Kd3 Bd6 49. Ke2 Be5 1/2-1/2

[Event "*** Titled Tuesday Blitz"]
[Site "Chess.com"]
[Date "2020.12.29"]
[Round "11"]
[White "Andrakhanova"]
[Black "tylityli"]
[Result "1-0"]
[WhiteElo "2272"]
[BlackElo "2345"]
[TimeControl "180+1"]
[EndTime "12:06:11 PST"]
[Termination "Andrakhanova won by checkmate"]

1. c4 c5 2. Nc3 Nf6 3. g3 d5 4.
cxd5 Nxd5 5. Bg2 Nc7 6. Nf3 Nc6 7.
O-O e5 8. d3 Be7 9. Be3 O-O 10.
Rc1 Ne6 11. Ne4 b6 12. a3 Bb7 13. Qa4 Rc8 14. Rfd1 f5 15. Nc3 Ned4 16. b4 cxb4 17. axb4 Bxb4 18. Bxd4 exd4 19. Qb3+ Kh8 20. Nd5 Bc5 21.
Nf4 Na5 22. Qb2 Qf6 23. h4 h6 24. Ra1 Ba8 25. Rdc1 Rfe8 26. Rc2 Kh7 27. Ra4 Nc6 28. Nd5 Qe6 29. Nd2 Ne5 30. Nf4 Qf7 31. Bxa8 Rxa8 32. Nb3 Rec8 33. Nxc5 bxc5 34. Ra6 Qc7 35. Qa3 c4 36. dxc4 Nxc4 37. Qd3 Qf7 38. Ra4 Nb6 39. Raa2 Rxc2 40. Rxc2 Rd8 41. Rc5 g5 42. Rxf5 Qc4 43.
Rf7+ Kh8 44. Qh7# 1-0

[Event "*** Titled Tuesday Blitz"]
[Site "Chess.com"]
[Date "2020.12.29"]
[Round "11"]
[White "elamier"]
[Black "AliKa2810"]
[Result "0-1"]
[WhiteElo "2433"]
[BlackElo "2596"]
[TimeControl "180+1"]
[EndTime "12:06:12 PST"]
[Termination "AliKa2810 won on time"]

1. e4 c6 2. d4 d5 3. e5 Bf5 4. Nf3 e6 5. Be2 Ne7 6. O-O h6 7.
Nbd2 Nd7 8. Nb3 a6 9. a4 g5 10.
Ne1 f6 11. f4 gxf4 12. exf6 Nxf6 13. Bxf4 Ng6 14. Bh5 Ke7 15. Bxg6 Bxg6 16. Be5 Bg7 17. Nc5 b6 18. Ncd3 Qd7 19. Nf3 Raf8 20. Nh4 Be4 21. Nf2 Bh7 22. Ng4 Rhg8 23. Nxf6 Bxf6 24. Bxf6+ Rxf6 25. Rxf6 Kxf6 26. Qh5 Ke7 27. Qxh6 Kd8 28.
Rf1 Bxc2 29. Nf3 Be4 30. Rf2 Bxf3 31. Rxf3 c5 32. dxc5 bxc5 33. Qf4 Kc8 34. Rb3 Qc7 35.
Qe3 Qd6 36. a5 d4 37. Qe4 Qd5 38. Qc2 Kc7 39. Rb6 d3 40. Qd2 Qd4+ 41. Kf1 Rf8+ 0-1

[Event "*** Titled Tuesday Blitz"]
[Site "Chess.com"]
[Date "2020.12.29"]
[Round "11"]
[White "esapunov"]
[Black "ChristopherYoo"]
[Result "0-1"]
[WhiteElo "2705"]
[BlackElo "2876"]
[TimeControl "180+1"]
[EndTime "12:06:13 PST"]
[Termination "ChristopherYoo won by resignation"]

1. c4 e6 2. Nf3 d5 3. d4 Nf6 4. Nc3 dxc4 5. e4 Bb4 6. Bxc4 Nxe4 7. O-O Nxc3 8. bxc3 Bd6 9. Qe2 O-O 10. Ne5 Nd7 11. f4 Nf6 12. Be3 Nd5 13. Bd2 f6 14.
Nd3 c6 15. Bb3 Kh8 16. c4 Ne7 17. Bc3 Bd7 18. Rae1 a5 19. a4 Be8 20. Qxe6 Bf7 21.
Qe2 Nf5 22. Qe4 Qd7 23. g4 Nh4 24. f5 Rae8 25. Ne5 fxe5 26. dxe5 Bb4 27. Rd1 Qc7 28.
Ba1 Be7 29. e6 Bf6 30. Bxf6 gxf6 31. Qd4 Bxe6 32. fxe6 Rxe6 33. c5 Re2 34. Qd6 Qg7 35. Qg3 Rg2+ 36. Qxg2 Nxg2 37. Kxg2 Qxg4+ 38. Kf2 Qf4+ 39. Ke2 Qxh2+ 40. Kd3 Qe5 41. Kc2 Qxc5+ 42. Kb2 Qe5+ 43. Ka2 Qe2+ 44. Ka3 Qe7+ 45. Kb2 Rd8 46.
Rde1 Rd2+ 47. Kc1 Qd8 48. Bc2 Rg2 49. Kb1 Qb6+ 50. Kc1 Qc5 51. Re8+ Kg7 0-1

[Event "*** Titled Tuesday Blitz"]
[Site "Chess.com"]
[Date "2020.12.29"]
[Round "11"]
[White "ChessWarrior7197"]
[Black "tigra"]
[Result "1-0"]
[WhiteElo "2933"]
[BlackElo "2853"]
[TimeControl "180+1"]
[EndTime "12:06:14 PST"]
[Termination "ChessWarrior7197 won on time"]

1. c4 e5 2. Nc3 Nf6 3. Nf3 Nc6 4. e3 g6 5. d4 d6 6. dxe5 Nxe5 7. Nxe5 dxe5 8. Qxd8+ Kxd8 9. b3 Nd7 10. Bb2 f6 11.
O-O-O c6 12. h4 Kc7 13. h5 g5 14. Ne4 Be7 15. Bd3 h6 16. Ng3 Nc5 17. Bf5 Ne6 18.
Rd3 Ng7 19. Bxc8 Raxc8 20. e4 Rcd8 21. Rhd1 Rxd3 22. Rxd3 Bc5 23. Rf3 Rf8 24. Rxf6 Rxf6 25. Bxe5+ Rd6 26. Bxg7 Re6 27. f3 g4 28. Nf5 Bd6 29.
Kd2 gxf3 30. gxf3 Bf4+ 31. Ke2 b5 32. c5 a5 33. a4 Kd7 34. Kf2 bxa4 35. bxa4 Bd2 36.
Ke2 Bc1 37. Kd3 Re8 38. e5 Ke6 39. Ke4 Rb8 40. Nd4+ Kf7 41. Bf6 Rb4 42. Kf5 Rxa4 43. e6+ Ke8 44. Nxc6 Rf4+ 45. Kg6 a4 46. Na7 a3 47. c6 Rxf6+ 48. Kxf6 Bg5+ 49. Kg6 1-0

[Event "*** Titled Tuesday Blitz"]
[Site "Chess.com"]
[Date "2020.12.29"]
[Round "11"]
[White "Borsuk_Konstantin"]
[Black "Vuk2000"]
[Result "0-1"]
[WhiteElo "2674"]
[BlackElo "2826"]
[TimeControl "180+1"]
[EndTime "12:06:14 PST"]
[Termination "Vuk2000 won on time"]

1. d4 e6 2. c4 Nf6 3. Nc3 Bb4 4. Qc2 O-O 5. a3 Bxc3+ 6. Qxc3 Ne4 7. Qe3 f5 8. g3 b6 9. Bg2 Bb7 10. f3 Nd6 11. b3 b5 12. c5 Ne8 13. Qd3 Nc6 14.
e3 b4 15. a4 a5 16. Ne2 Ba6 17. Qd2 Nf6 18. Bb2 d6 19. Rc1 d5 20. Nf4 Qe7 21. Bf1 Bb7 22. Nd3 Nd7 23. Kf2 Rad8 24. h4 e5 25. dxe5 Ndxe5 26. Nxe5 Nxe5 27. Bxe5 Qxe5 28. c6 Bc8 29. Qd4 Qxd4 30. exd4 Rd6 31. Bd3 Rff6 32. Rhe1 Kf7 33. Bb5 f4 34. g4 Rfe6 35. Rxe6 Bxe6 36. Bd3 Rd8 37. Rc5 Ra8 38. Ke2 h6 39. Kd2 Ke7 40. Rc1 Kd6 41. Bb5 Re8 42. Re1 Bf7 43. Rxe8 Bxe8 44. Kd3 Bxc6 0-1

[Event "*** Titled Tuesday Blitz"]
[Site "Chess.com"]
[Date "2020.12.29"]
[Round "11"]
[White "imdvb6307"]
[Black "ZatonskihAnna"]
[Result "0-1"]
[WhiteElo "2390"]
[BlackElo "2521"]
[TimeControl "180+1"]
[EndTime "12:06:15 PST"]
[Termination "ZatonskihAnna won on time"]

1. e4 d5 2. Nc3 dxe4 3. Nxe4 Nd7 4. d4 Ngf6 5. Nxf6+ Nxf6 6. Nf3 Bg4 7. h3 Bh5 8.
Be2 c6 9. c3 e6 10. O-O Be7 11.
Ne5 Bxe2 12. Qxe2 O-O 13. Rd1 Qa5 14. Rd3 Rad8 15. b3 c5 16. dxc5 Qxc5 17. Bb2 Rxd3 18.
Nxd3 Qa5 19. c4 Rd8 20. a3 Qf5 21. Rd1 Qe4 22. Qxe4 Nxe4 23. b4 a5 24. f3 Nf6 25.
bxa5 Rc8 26. Ne5 Bc5+ 27. Kf1 Kf8 28. Ke2 Ke7 29. g4 Bd6 30. Rc1 Ra8 31. c5 Bxe5 32.
Bxe5 Rxa5 33. c6 bxc6 34. Bxf6+ Kxf6 35. Rxc6 Rxa3 36. Kf2 h6 37. h4 h5 38. g5+ Kg6 39. Kg3 Ra5 40. Rb6 Rd5 41. Rb8 Rd3 42. Rb7 Rd6 43.
Ra7 f6 44. gxf6 gxf6 45. Rb7 Rd4 46. Rc7 e5 47. Re7 Ra4 48. Rd7 Ra1 49. Re7 Rg1+ 50. Kf2 Rc1 0-1

[Event "*** Titled Tuesday Blitz"]
[Site "Chess.com"]
[Date "2020.12.29"]
[Round "11"]
[White "ckgchess"]
[Black "louis198"]
[Result "1-0"]
[WhiteElo "2774"]
[BlackElo "2611"]
[TimeControl "180+1"]
[EndTime "12:06:19 PST"]
[Termination "ckgchess won by resignation"]

1. e4 e6 2. d4 d5 3. Nd2 Nc6 4. Ngf3 Nf6 5. Bd3 Nb4 6. O-O Nxd3 7. cxd3 Be7 8. h3 O-O 9. Re1 b6 10. Nf1 a5 11. Ng3 Ba6 12. Bf4 Rc8 13. Rc1 c5 14. dxc5 bxc5 15. e5 Nd7 16. b3 Rb8 17. Nh5 Rb4 18. Bd2 Rb7 19. Be3 d4 20. Bf4 Re8 21.
Qd2 Nf8 22. Bh6 g6 23. Nf6+ Bxf6 24. exf6 Qxf6 25. Rxc5 Rb5 26. Rxb5 Bxb5 27. Qxa5 Bxd3 28. Qd2 Bf5 29. Qxd4 e5 30. Rxe5 Be6 31. Re4 Qxd4 32. Nxd4 f5 33. Re3 Bf7 34. Rxe8 Bxe8 35. Bxf8 Kxf8 36.
f4 Ke7 37. Kf2 Kd6 38. Ke3 Kd5 39. g4 Bd7 40. g5 Kc5 41. Nc2 Bc6 42. Kd3 Be4+ 43.
Kc3 Bc6 44. a4 Be4 45. Ne3 Bf3 46. b4+ Kd6 47. Kd4 Be2 48. b5 1-0

[Event "*** Titled Tuesday Blitz"]
[Site "Chess.com"]
[Date "2020.12.29"]
[Round "11"]
[White "DryCounty"]
[Black "Supernotar"]
[Result "1/2-1/2"]
[WhiteElo "2645"]
[BlackElo "2838"]
[TimeControl "180+1"]
[EndTime "12:06:20 PST"]
[Termination "Game drawn by repetition"]

1. e4 c6 2. d4 d5 3. Nc3 dxe4 4.
Nxe4 Bf5 5. Nc5 e5 6. Nxb7 Qb6 7.
Nc5 Bxc5 8. dxc5 Qxc5 9. c3 Nf6 10. Nf3 Nbd7 11. Be2 O-O 12. O-O Rad8 13. Qa4 Nd5 14. Qh4 h6 15. c4 N5f6 16. Be3 Qe7 17. b3 Rfe8 18. Rfe1 Bg6 19. Rad1 Nc5 20. Bf1 Rxd1 21. Rxd1 Nce4 22. h3 Nc3 23. Re1 Qd6 24. c5 Qd7 25.
Bc4 Ncd5 26. Bc1 e4 27. Nh2 Kh7 28. Bb2 e3 29. fxe3 Rxe3 30. Bxf6 Rxe1+ 31. Qxe1 Nxf6 32. Nf3 Be4 33. Nd2 Qd4+ 34. Qf2 Qa1+ 35. Kh2 Bd5 36. Bxd5 Qe5+ 37. Kh1 Qxd5 38. Nc4 Ne4 39. Qf3 Nxc5 40.
Qxd5 cxd5 41. Nd6 Kg6 42. Kg1 Kf6 43. b4 Nd3 44. b5 Nc5 45. Nc8 a6 46. a4 axb5 47.
axb5 d4 48. Kf2 Ke6 49. Ke2 f5 50. Nb6 g5 51. Nc4 Kd5 52. Nd2 Nd7 53. Nf3 Kc5 54. Kd3 Kd5 55. Nxd4 Nc5+ 56. Kc3 Ne4+ 57. Kd3 Nc5+ 58.
Kc3 Ne4+ 59. Kd3 Nc5+ 1/2-1/2

[Event "*** Titled Tuesday Blitz"]
[Site "Chess.com"]
[Date "2020.12.29"]
[Round "11"]
[White "MaxLeto"]
[Black "Ajedrez_con_German"]
[Result "1-0"]
[WhiteElo "2407"]
[BlackElo "2501"]
[TimeControl "180+1"]
[EndTime "12:06:20 PST"]
[Termination "MaxLeto won on time"]

1. g4 c6 2. Bg2 d6 3. g5 g6 4. d4 Bg7 5. h4 h5 6. Nf3 Bg4 7. Nbd2 Na6 8. Nf1 Bxf3 9. Bxf3 e6 10. c3 Ne7 11. Ng3 Nf5 12. Nxf5 exf5 13. Bf4 O-O 14. Qb3 Qd7 15. O-O-O Rfe8 16. Kb1 d5 17. c4 Re4 18. Bxe4 fxe4 19. cxd5 cxd5 20. e3 Bf8 21. Rc1 Nb4 22. Rc3 Nc6 23. Rhc1 Rd8 24. Bg3 a6 25. Qb6 Rc8 26. Rb3 Nd8 27. Rc7 Rxc7 28. Qxc7 Qe8 29.
Rb6 Ne6 30. Qxb7 Qa4 31. Rb3 Qc4 32. a3 Qf1+ 33. Ka2 Qc4 34. Qb8 a5 35. Kb1 a4 36.
Rc3 Qf1+ 37. Ka2 Qe2 38. Rc8 Qc4+ 39. Rxc4 dxc4 40. Bd6 c3 41. Bxf8 c2 42. Qc8 c1=Q 43. Qxc1 Nxf8 44. Qc4 Kg7 45. Qxa4 Ne6 46. Qc4 Nxg5 47.
hxg5 1-0

[Event "*** Titled Tuesday Blitz"]
[Site "Chess.com"]
[Date "2020.12.29"]
[Round "11"]
[White "Bulldog167"]
[Black "AlexeiShirov"]
[Result "1-0"]
[WhiteElo "2720"]
[BlackElo "2830"]
[TimeControl "180+1"]
[EndTime "12:06:22 PST"]
[Termination "Bulldog167 won on time"]

1. d4 d5 2. Nf3 Nf6 3. c4 c6 4.
cxd5 cxd5 5. Nc3 Nc6 6. Bf4 a6 7. Rc1 Ne4 8. a3 Bf5 9. e3 e6 10. Bd3 Nxc3 11. Rxc3 Bxd3 12. Qxd3 Be7 13. O-O O-O 14.
b4 Qb6 15. Rfc1 Rac8 16. Ne5 Nxe5 17. Bxe5 Rxc3 18. Qxc3 Qb5 19. h3 f6 20. Bg3 Ra8 21. Qc7 Bf8 22. Bd6 h5 23. Bxf8 Rxf8 24. Qg3 Qe8 25. Rc7 Rf7 26. Qg6 Qf8 27. Rc1 h4 28. Qg4 f5 29. Qxh4 f4 30. Qg4 fxe3 31. fxe3 Qe8 32.
a4 b5 33. a5 Qe7 34. Rc8+ Rf8 35. Rc6 Rf6 36. Rxa6 Qxb4 37. Ra8+ Kh7 38. Qh5+ Rh6 39.
Qe5 Rf6 40. Kh2 Qa3 41. a6 b4 42. a7 b3 43. Qb8 b2 44. Qb7 Qxe3 45. Qxb2 Qf4+ 46.
g3 Qe3 47. Rh8+ Kxh8 48. a8=Q+ Kh7 49. Qaa2 1-0